 Dungeon Crawl Stone Soup version 0.18.1-5-g4a78601 (webtiles) character file.

14271 nubinia the Markscentaur (level 11, -12/91 HPs)
             Began as a Centaur Hunter on May 14, 2016.
             Was an Elder of the Shining One.
             Mangled by a black mamba (15 damage)
             ... on level 3 of the Lair of Beasts.
             The game lasted 01:10:49 (13528 turns).

nubinia the Markscentaur (Centaur Hunter)          Turns: 13528, Time: 01:10:49

Health: -12/91     AC: 13    Str: 14    XL:     11   Next: 86%
Magic:  21/24      EV:  9    Int: 12    God:    the Shining One [****..]
Gold:   282        SH:  0    Dex: 19    Spells: 0 memorised, 10 levels left

rFire  . . .     SeeInvis .     b - +6 rapier of Dacoaz {freeze, MP+9}
rCold  . . .     Gourm    .     c - +1 leather armour
rNeg   + + .     Faith    .     (no shield)
rPois  .         Spirit   .     q - +1 helmet
rElec  .         Dismiss  .     z - +0 cloak
rCorr  .         Reflect  .     w - +0 pair of gloves
SustAt .         Harm     .     (no barding)
MR     .....     Rnd*Rage +     K - amulet of regeneration
Stlth  +.........               s - +5 ring of dexterity
                                e - ring of stealth

@: divine shield, held, glowing, very quick, not resistant to hostile
enchantments, very unstealthy
A: hooves 3, repulsion field 1, large bone plates 2, berserk 1, clever 1,
deformed body, speed 2, tough skin 3
a: Divine Shield, Cleansing Flame, Renounce Religion


You were on level 3 of the Lair of Beasts.
You worshipped the Shining One.
The Shining One was greatly pleased with you.
You were not hungry.

You visited 2 branches of the dungeon, and saw 11 of its levels.

You collected 522 gold pieces.
You spent 240 gold pieces at shops.

Inventory:

Hand Weapons
 a - a +3 shortbow
 b - the +6 rapier of Dacoaz (weapon) {freeze, MP+9}
   (You bought it in a shop on level 7 of the Dungeon)

   It has been specially enchanted to freeze those struck by it, causing extra
   injury to most foes and up to half again as much damage against particularly
   susceptible opponents.
   It can also slow down cold-blooded creatures.
   It affects your magic capacity (+9).
 h - a +0 spear
 r - a +0 short sword
 J - a +2 short sword of speed
 L - a +0 shortbow of freezing
 O - a +1 shortbow of flaming
Missiles
 d - 120 arrows
Armour
 c - a +1 leather armour (worn)
 q - a +1 helmet (worn)
 w - a +0 pair of gloves (worn)
 z - a +0 cloak (worn)
 T - a +0 chain mail
Jewellery
 e - a ring of stealth (left hand)
 s - a +5 ring of dexterity (right hand)
 t - an uncursed ring of fire
 K - an amulet of regeneration (around neck)
 R - an uncursed ring of positive energy
Wands
 y - a wand of flame (41/48)
 I - a wand of disintegration (19/24)
 W - a wand of iceblast (13/15)
Scrolls
 i - a scroll of enchant armour
 k - 2 scrolls of remove curse
 v - a scroll of immolation
 D - a scroll of magic mapping
 F - a scroll of blinking {unknown}
 G - a scroll of holy word {unknown}
 H - 6 scrolls of identify
 M - a scroll of recharging
 P - a scroll of summoning {unknown}
 S - a scroll of acquirement {unknown}
 U - a scroll of teleportation {unknown}
 V - a scroll of brand weapon {unknown}
Potions
 j - 7 potions of resistance
 m - a potion of brilliance
 o - 2 potions of might
 p - a potion of lignification
 u - a potion of agility
 B - a potion of magic
 C - 2 potions of curing
 N - a potion of cure mutation
 Q - a potion of haste
Comestibles
 f - 5 bread rations
 g - 4 fruits
 l - 9 chunks of flesh
 n - 2 royal jellies
 x - 2 beef jerkies
 A - 3 meat rations
 E - 2 slices of pizza


   Skills:
 + Level 6.7 Fighting
 + Level 16.8 Bows
 + Level 4.0 Armour
 + Level 7.4 Dodging
 + Level 2.6 Stealth
 * Level 5.3 Invocations


You had 10 spell levels left.
You didn't know any spells.

Dungeon Overview and Level Annotations

Branches:
Dungeon (8/15)             Temple (0/1) D:6            Lair (3/8) D:8
  Swamp: Lair:3-6    Shoals: Lair:3-6     Snake: Lair:3-6    Spider: Lair:3-6

Altars:
Ashenzari
Dithmenos
Fedhas
Kikubaaqudgha
Makhleb
Sif Muna
Xom
Yredelemnul
The Shining One

Shops:
D:4 (   D:7 ((=*

Annotations:
Lair:3 Harold


Innate Abilities, Weirdness & Mutations

You have hooves in place of feet.
Armour fits poorly on your strangely shaped body.
You cover ground very quickly.
You have extremely tough skin (AC +3).
You are surrounded by a mild repulsion field (EV +2).
You are mostly covered in large bone plates (AC +3, SH +3).
You tend to lose your temper in combat.
Your mind is acute. (Int +2)


Message History

Harold the Weathered comes into view.
He is wielding a short sword of venom.
You feel sick.
Harold shouts!
Harold throws a throwing net.
You block the throwing net.
You see here a throwing net.
Read which item? (? for menu, Esc to quit)
Okay, then.
Drink which item? (? for menu, Esc to quit)
You feel better. The black mamba completely misses you.
Harold throws a throwing net.
The throwing net hits you.
You become entangled in the net!
A divine shield forms around you!
You feel slightly more hungry. The black mamba bites you.
* * * LOW HITPOINT WARNING * * *
You struggle against the net.
The black mamba is no longer moving slowly.
The black mamba bites you!
* * * LOW HITPOINT WARNING * * *
Harold drinks a potion.
Harold seems to speed up.
The black mamba bites you!
You die...

**,****,***,,,,,,,,,* *,,,,
***,**,**,,*#...*#,*,,* *,,<,
*,,,,,,,,,,,,@.#.#,*,,* *,,,,
*,,*,*,,,,,,,.....,,,,* *,,,,
**,****,*****,..#.*,,,** *,,,,
##,,,**,,,* *##..#***** **,,,
..,*,,,,,** #..P* *,,,*
***,,,,#.#* #..## ****,,**
##.P.##.P* #.@.# *,,,,,**
##....##.#* ##S## **,**,,,*
.##.#..#.## #r# *,,***,**
....#.##..# ####F#*#******,**,,,*
......#[.####.##.#.##..#**,*,,,**
..###.#...#..#.#......(.,,,,,,,**
...............Y.....###**,***,,*
.........P#.##P.###..#***,,,***,,
P..##.#..######## *.##*,,,,** ***


You could see Harold, a black mamba, a yak, a giant frog and a porcupine.

Vanquished Creatures
  2 hydras
  5 death yaks
  2 black mambas (Lair:1)
  3 spiny frogs
  A rime drake (Lair:1)
  4 komodo dragons
  Prince Ribbit (D:5)
  2 yaks (Lair:1)
  3 hippogriffs
  5 water moccasins
  3 porcupines
  A wasp (D:8)
  Duvessa (D:6)
  An orc warrior (D:7)
  5 ice beasts
  4 phantoms
  2 sky beasts
  An eye of draining (D:8)
  6 wolves (Lair:1)
  An ogre (D:7)
  3 centaurs
  4 crocodiles
  15 giant frogs
  Dowan (D:6)
  2 scorpions
  5 wights (D:6)
  2 howler monkeys
  5 crimson imps
  A giant frog zombie (D:5)
  A centaur zombie (D:8)
  5 hounds
  An orc priest (D:5)
  2 giant frog skeletons (D:5)
  2 jellies
  10 orc wizards
  Ijyb (D:3)
  6 iguanas
  6 worker ants
  2 hound skeletons (D:8)
  10 gnolls
  11 adders
  15 river rats
  2 oozes
  2 adder zombies
  3 adder skeletons
  5 worms
  A dart slug (D:1)
  4 giant geckos
  22 orcs
  8 bats
  5 giant cockroaches
  3 goblins
  10 hobgoblins
  5 jackals
  4 quokkas
  2 ball pythons
  A ball python skeleton (D:4)
  2 giant gecko zombies
  8 giant newts
  6 kobolds
  2 quokka skeletons
  15 rats
  A spectral orc (D:6)
  A plant (Lair:1)
275 creatures vanquished.

Vanquished Creatures (others)
  2 plants (D:8)
2 creatures vanquished.

Grand Total: 277 creatures vanquished

Notes
Turn   | Place    | Note
--------------------------------------------------------------
     0 | D:1      | nubinia the Centaur Hunter began the quest for the Orb.
     0 | D:1      | Reached XP level 1. HP: 17/17 MP: 1/1
    17 | D:1      | Reached XP level 2. HP: 24/24 MP: 2/2
    64 | D:1      | Reached skill level 6 in Bows
   489 | D:1      | Reached XP level 3. HP: 29/29 MP: 3/3
  1400 | D:2      | Reached XP level 4. HP: 25/36 MP: 4/4
  1999 | D:3      | Reached skill level 1 in Armour
  2034 | D:3      | Found a glowing golden altar of the Shining One.
  2034 | D:3      | Found a deep blue altar of Sif Muna.
  2037 | D:3      | Found a shattered altar of Ashenzari.
  2050 | D:3      | Became a worshipper of the Shining One
  2079 | D:3      | Reached skill level 1 in Stealth
  2079 | D:3      | Reached XP level 5. HP: 40/42 MP: 5/5
  2114 | D:3      | Reached skill level 7 in Bows
  2140 | D:3      | Found a burning altar of Makhleb.
  2310 | D:3      | Noticed Ijyb
  2332 | D:3      | Killed Ijyb
  2683 | D:3      | Reached XP level 6. HP: 50/50 MP: 6/6
  3177 | D:4      | Found Juigyur's Weapon Emporium.
  3409 | D:4      | Reached skill level 8 in Bows
  3815 | D:4      | Reached * piety under the Shining One
  3834 | D:4      | Reached XP level 7. HP: 46/57 MP: 7/7
  4156 | D:4      | Found a shadowy altar of Dithmenos.
  4333 | D:5      | Entered Level 5 of the Dungeon
  5083 | D:5      | Noticed Prince Ribbit
  5325 | D:5      | Killed Prince Ribbit
  5325 | D:5      | Reached skill level 9 in Bows
  5538 | D:4      | Reached XP level 8. HP: 54/66 MP: 8/8
  5651 | D:5      | Found an ancient bone altar of Kikubaaqudgha.
  6054 | D:5      | Reached skill level 10 in Bows
  6067 | D:6      | Reached ** piety under the Shining One
  6959 | D:6      | Noticed Dowan
  6961 | D:6      | Noticed Duvessa
  6964 | D:6      | Killed Dowan
  7015 | D:6      | Killed Duvessa
  7015 | D:6      | Reached skill level 11 in Bows
  7195 | D:6      | Found a basalt altar of Yredelemnul.
  7320 | D:6      | Reached XP level 9. HP: 71/71 MP: 9/9
  7477 | D:6      | Found a staircase to the Ecumenical Temple.
  7784 | D:7      | Found Jofeucw's Antique Weapon Boutique.
  7790 | D:7      | Bought an ichor-stained rapier for 171 gold pieces
  7790 | D:7      | Identified the +6 rapier of Dacoaz {freeze, MP+9} (You bought it in a shop on level 7 of the Dungeon)
  8060 | D:7      | Reached skill level 12 in Bows
  8060 | D:7      | Reached skill level 5 in Dodging
  8150 | D:7      | Found Jathrebao's Jewellery Shop.
  8435 | D:7      | Found a blossoming altar of Fedhas.
  8468 | D:7      | Found Nutyteun's Antique Weapon Shoppe.
  8477 | D:7      | Bought a glowing shortbow for 69 gold pieces
  8731 | D:7      | Found a glowing golden altar of the Shining One.
  8891 | D:7      | Found Fyturo's Assorted Antiques.
  8947 | D:7      | Gained mutation: You are surrounded by a mild repulsion field (EV +2). [potion of mutation]
  8947 | D:7      | Gained mutation: You tend to lose your temper in combat. [potion of mutation]
  8947 | D:7      | Gained mutation: Your mind is acute. (Int +2) [potion of mutation]
  9055 | D:8      | Reached *** piety under the Shining One
  9082 | D:7      | Reached skill level 5 in Fighting
  9082 | D:7      | Reached skill level 13 in Bows
  9559 | D:8      | Found a staircase to the Lair.
  9560 | D:8      | Noticed a komodo dragon
  9781 | D:8      | Found a shimmering altar of Xom.
  9996 | D:8      | Killed a komodo dragon
  9996 | D:8      | Reached XP level 10. HP: 81/81 MP: 10/10
 10127 | Lair:1   | Entered Level 1 of the Lair of Beasts
 10281 | Lair:1   | Reached skill level 14 in Bows
 10305 | Lair:1   | Noticed a spiny frog
 10389 | Lair:1   | Noticed a death yak
 10389 | Lair:1   | Noticed a death yak
 10390 | Lair:1   | Noticed a death yak
 10400 | Lair:1   | Noticed a four-headed hydra
 10415 | Lair:1   | Reached **** piety under the Shining One
 10449 | Lair:1   | Noticed a black mamba
 10537 | Lair:1   | Killed a black mamba
 10742 | Lair:1   | Killed a four-headed hydra
 10819 | Lair:1   | Noticed a spiny frog
 10828 | Lair:1   | Killed a spiny frog
 10856 | Lair:1   | Reached skill level 1 in Invocations
 10990 | Lair:1   | Gained mutation: You are partially covered in large bone plates (AC +2, SH +2). [potion of beneficial mutation]
 11176 | Lair:1   | Killed a spiny frog
 11176 | Lair:1   | Reached XP level 11. HP: 75/91 MP: 12/12
 11235 | Lair:1   | Noticed a death yak
 11242 | Lair:1   | Noticed a death yak
 11305 | D:8      | Killed a death yak
 11350 | Lair:1   | Noticed a death yak
 11507 | D:8      | Killed a death yak
 11507 | D:8      | Reached skill level 15 in Bows
 11729 | D:8      | Killed a death yak
 11949 | Lair:1   | Killed a death yak
 12022 | Lair:1   | Killed a death yak
 12037 | Lair:1   | Reached skill level 16 in Bows
 12586 | Lair:2   | Gained mutation: You are mostly covered in large bone plates (AC +3, SH +3). [potion of beneficial mutation]
 12638 | Lair:2   | Noticed a four-headed hydra
 12658 | Lair:2   | Killed a four-headed hydra
 13024 | Lair:2   | Reached skill level 5 in Invocations
 13525 | Lair:3   | Noticed Harold
 13528 | Lair:3   | HP: 3/91 [black mamba (14)]
 13528 | Lair:3   | Mangled by a black mamba

Skill      XL: |  1  2  3  4  5  6  7  8  9 10 11 |
---------------+----------------------------------+-----
Bows           | 6 7 8 9 11 13 14 16 | 16.8
Armour         | 1 2 3 4 |  4.0
Dodging        | 2 3 4 5 6 7 |  7.4
Stealth        | 1 2 |  2.6
Fighting       | 3 4 5 6 |  6.7
Invocations    | 2 5 |  5.3

Action                   |  1- 3 |  4- 6 |  7- 9 | 10-12 || total
-------------------------+-------+-------+-------+-------++-------
Melee: Short sword       |   140 |   176 |    23 |       ||   339
       Kick              |    24 |    52 |   152 |    95 ||   323
       Dagger            |       |       |   313 |       ||   313
       Rapier            |       |       |   120 |   280 ||   400
 Fire: Shortbow          |    14 |    70 |   278 |   244 ||   606
Invok: Divine Shield     |       |       |       |     1 ||     1
  Use: Potion            |       |     2 |     3 |     8 ||    13
       Scroll            |       |     6 |     7 |     6 ||    19
 Stab: Sleeping          |     2 |     3 |     1 |       ||     6
  Eat: Chunk             |     1 |     6 |    17 |    10 ||    34
Armor: Leather armour    |    55 |    50 |   141 |    99 ||   345
Dodge: Dodged            |    81 |    79 |   222 |   260 ||   642
Block: Other             |       |       |       |    20 ||    20
